 Dungeon Crawl Stone Soup version 0.16-a0-1794-gf7beed7 (console) character file.

562 Fusha the Skirmisher (level 7, 0/60 HPs)
             Began as a Minotaur Enchanter on Nov 2, 2014.
             Was an Initiate of Ashenzari.
             Succumbed to a scorpion's poison
             ... on level 3 of the Dungeon.
             The game lasted 00:33:50 (5068 turns).

Fusha the Skirmisher (Minotaur Enchanter)           Turns: 5068, Time: 00:33:50

Health: 0/60       AC:  6    Str: 13    XL:     7   Next: 10%
Magic:  5/8        EV: 17    Int: 14    God:    Ashenzari [......]
Gold:   180        SH:  0    Dex: 15    Spells: 3 memorised, 4 levels left

rFire  . . .     SeeInvis .     w - +0 dagger (elec)
rCold  . . .     Clarity  .     b - +1 robe
rNeg   . . .     SustAb   .     (no shield)
rPois  .         Gourm    .     q - +2 hat
rElec  .         Spirit   .     k - +0 cloak
rCorr  .         Warding  .     (no gloves)
rMut   .         Stasis   .     (no boots)
MR     .....                    (no amulet)
Stlth  +++.......               (no ring)
                                (no ring)

@: agile, lethally poisoned, bonded with blade, not resistant to hostile
enchantments, fairly stealthy
A: retaliatory headbutt, horns 2
a: Renounce Religion


You were on level 3 of the Dungeon.
You worshipped Ashenzari.
Ashenzari was noncommittal.
You were hungry.

You visited 1 branch of the dungeon, and saw 4 of its levels.

You collected 180 gold pieces.

Inventory:

Hand weapons
 a - a +1 dagger
 i - a +1 mace of protection
 w - a +0 dagger of electrocution (weapon)
 y - a +0 short sword
Missiles
 g - 199 stones (quivered)
Armour
 b - a +1 robe (worn)
 k - a +0 cloak (worn)
 o - a +0 hat
 q - a +2 hat (worn)
 s - a +0 leather armour
Scrolls
 f - a scroll of remove curse
 l - a scroll of noise {unknown}
 m - a scroll of fear {unknown}
 r - a scroll of enchant weapon {unknown}
 u - a scroll of magic mapping {unknown}
 x - 2 scrolls of identify {unknown}
Potions
 e - a potion of heal wounds {unknown}
 j - a potion of brilliance {unknown}
Books
 c - a book of Maledictions

   Spells                             Type                      Level
   *Corona                            Hexes                        1
   *Sure Blade                        Hexes/Charms                 2
   Ensorcelled Hibernation            Hexes/Ice                    2
   Confuse                            Hexes                        3
   *Dazzling Spray                    Conjuration/Hexes            3
   Enslavement                        Hexes                        4
Comestibles
 d - 2 bread rations
 h - 7 chunks of flesh
 n - 2 beef jerkies
 p - 2 meat rations
 t - 8 fruits


   Skills:
 * Level 4.4 Fighting
 * Level 3.5 Short Blades
 - Level 1.0 Armour
 - Level 2.1 Dodging
 - Level 2.4 Stealth
 + Level 2.4 Spellcasting
 * Level 3.6 Hexes


You had 4 spell levels left.
You knew the following spells:

 Your Spells              Type           Power        Failure   Level  Hunger
a - Corona                Hex            ##.....      6%          1    #......
b - Sure Blade            Hex/Chrm       #.........   21%         2    ###....
c - Dazzling Spray        Conj/Hex       #.......     38%         3    ###....


Dungeon Overview and Level Annotations

Branches:
Dungeon (4/15)
 Temple: D:4-7

Altars:
Ashenzari
Gozag
Zin

Annotations:
D:4 Menkaure


Innate Abilities, Weirdness & Mutations

You reflexively headbutt those who attack you in melee.
You have a pair of horns on your head.


Message History

The scorpion is heavily wounded.
You feel sick. The scorpion stings you.
* * * LOW HITPOINT WARNING * * *
You are more poisoned.
The scorpion poisons you!
You hit the scorpion.
The scorpion is heavily wounded.
* * * LOW HITPOINT WARNING * * *
You feel sick. The scorpion stings you.
* * * LOW HITPOINT WARNING * * *
* * * LOW HITPOINT WARNING * * *
You feel very sick. The scorpion closely misses you.
Some of the chunks of flesh in your inventory have rotted away.
* * * LOW HITPOINT WARNING * * *
You feel sick.
Drink which item? (? for menu, Esc to quit)
You feel agile all of a sudden.
It was a potion of agility.
You die...

## ###### .# #....# .#
#....# .# #....# .#
#....####
.#######.......###
.'.....'.......'@######
.#######.....[.#.s....#
.# #.......##.....#
.#######....#####.....#
.....[....### #.....#
..........#######.....#
..........#....##.######
.....................[>#
.....#.........##.####)#


You could see a scorpion.

Vanquished Creatures
  Crazy Yiuf (D:2)
  A hound (D:4)
  An orc wizard (D:3)
  2 gnoll shamans
  8 adders
  22 gnolls
  An orc skeleton (D:4)
  A giant mite (D:3)
  A worm (D:3)
  2 giant geckos (D:3)
  An ooze (D:3)
  6 orcs (D:3)
  4 giant cockroaches
  10 hobgoblins
  14 jackals (D:4)
  10 kobolds
  3 quokkas
  A ball python (D:3)
  9 bats
  6 giant newts
  11 goblins
  A jackal skeleton (D:3)
  10 rats
126 creatures vanquished.

Notes
Turn   | Place    | Note
--------------------------------------------------------------
     0 | D:1      | Fusha, the Minotaur Enchanter, began the quest for the Orb.
     0 | D:1      | Reached XP level 1. HP: 14/14 MP: 2/2
   261 | D:1      | Reached XP level 2. HP: 20/20 MP: 2/2
   265 | D:1      | Learned a level 2 spell: Sure Blade
  1040 | D:2      | Reached skill level 1 in Fighting
  1040 | D:2      | Reached XP level 3. HP: 24/28 MP: 0/4
  1529 | D:2      | Found a shattered altar of Ashenzari.
  1548 | D:2      | Became a worshipper of Ashenzari the Shackled
  1710 | D:2      | Found an opulent altar of Gozag.
  1711 | D:2      | Found a glowing silver altar of Zin.
  1808 | D:2      | Noticed Crazy Yiuf
  1827 | D:2      | Killed Crazy Yiuf
  1827 | D:2      | Reached XP level 4. HP: 36/36 MP: 3/4
  2325 | D:3      | HP: 1/36 [poison (a potion of poison)]
  2779 | D:3      | Reached XP level 5. HP: 39/42 MP: 3/6
  2985 | D:3      | HP: 2/44 [orc wizard/dagger of electrocution (20)]
  2987 | D:3      | Reached skill level 3 in Fighting
  3274 | D:3      | Learned a level 3 spell: Dazzling Spray
  3549 | D:3      | Reached skill level 1 in Armour
  3626 | D:4      | Noticed Menkaure
  3673 | D:4      | Reached XP level 6. HP: 51/51 MP: 4/7
  4581 | D:3      | Reached skill level 4 in Fighting
  4885 | D:4      | Reached XP level 7. HP: 31/60 MP: 7/8
  5067 | D:3      | HP: 2/60 [poisoned by a scorpion]
  5068 | D:3      | Succumbed to a scorpion's poison

Action                   |  1- 3 |  4- 6 |  7- 9 || total
-------------------------+-------+-------+-------++-------
Melee: Dagger            |   129 |   153 |    24 ||   306
       Mace              |     4 |       |       ||     4
       Short sword       |       |    97 |       ||    97
 Cast: Sure Blade        |     4 |    19 |     5 ||    28
  Use: Potion            |     3 |     2 |     1 ||     6
       Scroll            |       |     1 |       ||     1
 Stab: Sleeping          |     1 |     1 |       ||     2
       Invisible         |     2 |       |       ||     2
  Eat: Chunk             |     3 |    12 |       ||    15
